Map: Winter Madness LE

Players

weisswinds - Winner!

  • Race: Zerg Zerg
  • League: Gold
  • Spawn Location: 11:00

BabyCrusher

  • Race: Terran Terran
  • League: Gold
  • Spawn Location: 5:00

VOD

Have the link to the VOD?

Description

Time

  • Played on: May 1, 2026, 7:01 p.m.
  • Length: 20:37
Show
View Real Time Build Order
Export as new Build Order

weisswinds Zerg - Winner!

Build Orders: Pool First 

Get SALT Encoding   

  12  0:00  Drone  
  13  0:08  Drone  
  13  0:14  Extractor  
  13  0:16  Drone  
  15  0:22  Overlord  
  15  0:40  Drone x2  
  17  0:47  Spawning Pool  
  17  0:49  Drone  
  17  0:57  Drone  
  18  1:05  Extractor  
  18  1:07  Drone  
  18  1:18  Hatchery  
  18  1:21  Drone  
  18  1:28  Drone  
  19  1:38  Drone  
  20  1:42  Queen  
  22  1:50  Overlord  
  22  1:55  Extractor  
  22  1:59  Overlord  
  21  2:09  Drone  
  22  2:24  Metabolic Boost  
  22  2:28  Drone  
  23  2:31  Queen  
  23  2:32  Drone  
  23  2:33  Drone  
  27  2:44  Drone x2  
  29  2:52  Drone x3  
  29  2:58  Drone x2  
  34  3:03  Overlord  
  34  3:09  Drone  
  35  3:14  Drone  
  36  3:20  Queen  
  36  3:24  Drone x2  
  40  3:36  Zergling x8  
  40  3:40  Overlord  
  44  3:52  Drone x3  
  47  4:01  Zergling x2  
  48  4:10  Extractor  
  48  4:11  Extractor  
  48  4:12  Baneling Nest  
  48  4:13  Zergling x10  
  50  4:41  Overlord x7  
  50  4:55  Hatchery  
  50  4:58  Spore Crawler  
  48  5:01  Lair  
  48  5:05  Zergling x14  
  55  5:08  Queen  
  57  5:15  Evolution Chamber x2  
  49  6:04  Zerg Ground Armor Level 1  
  49  6:05  Zerg Melee Weapons Level 1  
  49  6:06  Zergling x24  
  49  6:07  Zergling x2  
  62  6:13  Drone  
  63  6:19  Drone x3  
  66  6:37  Zergling x2  
  66  6:38  Zergling x6  
  69  6:43  Centrifugal Hooks  
  69  6:47  Drone x5  
  73  7:10  Zergling x2  
  73  7:11  Zergling x18  
  71  7:33  Drone  
  71  7:34  Drone x6  
  77  7:43  Drone x7  
  84  7:52  Hatchery  
  84  7:55  Hydralisk Den  
  82  8:01  Zerg Melee Weapons Level 2, Zerg Ground Armor Level 2  
  82  8:07  Drone x9, Extractor  
  82  8:08  Extractor  
  82  8:10  Drone x3  
  92  8:29  Overseer  
  92  8:36  Grooved Spines  
  92  8:37  Infestation Pit  
  91  8:44  Drone  
  91  8:45  Drone x5  
  97  8:59  Lair  
  85  9:18  Zergling x20  
  85  9:19  Zergling x20  
  105  9:27  Muscular Augments  
  105  9:35  Overlord x9  
  105  9:43  Hatchery  
  104  9:48  Baneling x23  
  104  9:49  Baneling x4  
  104  10:09  Pneumatized Carapace  
  104  10:12  Burrow  
  104  10:14  Hive  
  104  10:18  Zerg Missile Weapons Level 1  
  104  10:22  Hydralisk x2  
  104  10:23  Hydralisk x13  
  104  10:25  Hatchery  
  123  11:22  Drone x7  
  123  11:23  Drone  
  123  11:24  Hydralisk x17  
  165  11:33  Zerg Ground Armor Level 3  
  165  11:34  Ultralisk Cavern  
  165  11:35  Adrenal Glands  
  151  12:34  Ultralisk x4  
  151  12:35  Ultralisk  
  178  12:43  Extractor x2  
  167  12:54  Zergling x2  
  167  12:55  Zergling x40  
  167  12:58  Overlord x9  
  188  13:17  Chitinous Plating  
  188  13:20  Zerg Melee Weapons Level 3  
  194  13:27  Ultralisk x2  
  190  13:52  Ultralisk  
  158  14:36  Zergling x8  
  158  14:37  Zergling x38  
  181  14:44  Ultralisk x3  
  198  15:13  Overseer, Hatchery  
  198  15:14  Overseer x6  
  196  15:56  Zerg Missile Weapons Level 2  
  137  16:31  Zergling x2  
  137  16:32  Zergling x60  
  123  16:33  Zergling x16  
  121  16:45  Drone x4  
  121  16:46  Drone x2  
  111  17:08  Ultralisk x7  
  153  17:24  Queen  
  153  17:27  Extractor x2  
  153  17:39  Infestor  
  153  17:40  Infestor x4  
  163  18:11  Hatchery  
  162  18:17  Drone  
  162  18:18  Drone x15  
  145  19:17  Ultralisk x6  
  171  19:48  Zergling x34  
  171  19:49  Zergling x10  
Show
View Real Time Build Order
Export as new Build Order

BabyCrusher Terran 

Build Orders: Gas First Reaper Expand, Mech 

Get SALT Encoding   

  12  0:00  SCV  
  13  0:11  Refinery  
  13  0:22  Engineering Bay  
  13  0:35  Supply Depot  
  13  0:37  SCV  
  14  0:49  SCV  
  15  1:04  Barracks  
  15  1:20  Terran Infantry Weapons Level 1  
  15  1:24  SCV  
  16  1:30  Supply Depot  
  16  1:36  SCV  
  17  1:48  SCV  
  17  1:52  Barracks Reactor  
  18  2:01  Orbital Command  
  18  2:28  Reaper  
  19  2:38  Command Center  
  19  2:47  Reaper  
  20  2:52  SCV  
  21  3:05  Reaper  
  22  3:09  SCV  
  23  3:12  Refinery  
  23  3:15  Terran Infantry Armor Level 1  
  23  3:21  SCV  
  23  3:24  Reaper  
  25  3:33  SCV  
  26  3:43  Reaper  
  26  3:45  SCV  
  26  3:48  Barracks  
  28  3:51  Barracks  
  28  3:52  SCV  
  28  3:53  Barracks  
  29  3:57  SCV  
  30  4:04  SCV  
  32  4:10  SCV, Supply Depot  
  32  4:16  Factory, SCV  
  33  4:31  Orbital Command  
  33  4:44  Marine x3  
  36  4:45  Reaper  
  36  4:46  Reaper  
  36  4:48  SCV  
  36  4:49  Orbital Command  
  39  4:56  Supply Depot  
  39  5:01  SCV  
  39  5:05  Armory  
  40  5:33  Supply Depot  
  40  5:51  Hellion  
  40  5:52  Hellion  
  40  5:56  Terran Infantry Weapons Level 2, Factory x2  
  44  5:58  Factory  
  44  5:59  SCV  
  45  6:08  Barracks Tech Lab  
  45  6:13  SCV x2  
  47  6:20  Hellion x2  
  51  6:25  SCV  
  51  6:26  SCV  
  51  6:29  Terran Vehicle Weapons Level 1  
  53  6:38  SCV x2  
  55  6:41  Refinery x2  
  55  6:48  Factory Tech Lab x2  
  55  6:50  SCV x2  
  57  6:57  Siege Tank  
  60  7:08  SCV x2  
  62  7:20  SCV x2  
  53  7:23  Siege Tank  
  53  7:26  Marine x4  
  53  7:29  Siege Tank  
  63  7:32  SCV x2, Hellion x2  
  67  7:43  Marine  
  67  7:44  Marine, SCV  
  68  7:48  Command Center  
  68  7:49  Command Center, Marine  
  71  7:52  Supply Depot x2  
  71  7:54  Supply Depot  
  71  7:56  Supply Depot  
  71  7:57  Supply Depot  
  71  7:59  Supply Depot  
  71  8:03  Siege Tank  
  74  8:14  Siege Tank  
  74  8:15  Siege Tank  
  80  8:35  Drilling Claws, Siege Tank  
  83  9:10  Barracks Tech Lab, Barracks Reactor  
  83  9:16  Widow Mine  
  75  9:17  Widow Mine x4, Barracks Tech Lab  
  77  9:26  Supply Depot  
  77  9:29  Orbital Command  
  77  9:35  Factory  
  77  9:36  SCV x2, Factory  
  77  9:38  Widow Mine, Factory  
  81  9:41  Supply Depot  
  81  9:42  Supply Depot  
  81  9:43  Supply Depot  
  81  9:44  Orbital Command  
  81  9:49  Widow Mine x2  
  84  9:53  Combat Shield  
  85  10:00  Stimpack  
  84  10:06  Supply Depot  
  84  10:07  Supply Depot  
  84  10:08  Supply Depot, SCV  
  84  10:09  SCV x3  
  84  10:12  Terran Vehicle Weapons Level 2  
  88  10:18  Widow Mine  
  88  10:19  Widow Mine  
  88  10:21  SCV  
  93  10:34  Factory Tech Lab  
  93  10:35  Factory Tech Lab x2  
  93  10:36  Infernal Pre-Igniter  
  93  10:40  SCV x3  
  93  10:41  SCV, Refinery x2  
  97  10:47  Hellion x5  
  107  10:52  SCV x2  
  107  10:53  SCV x2  
  111  10:57  Missile Turret  
  111  11:04  SCV  
  111  11:05  SCV x3  
  111  11:08  Barracks x2, Hellion  
  111  11:09  Hellion, Barracks  
  111  11:10  Barracks  
  111  11:11  Barracks  
  119  11:17  SCV  
  117  11:28  Terran Infantry Weapons Level 3  
  117  11:30  Barracks  
  117  11:33  Hellion x8  
  133  11:54  Command Center  
  131  12:19  Siege Tank x5  
  131  12:20  Marine x8  
  131  12:21  Marine x3  
  151  12:38  Marine x2  
  151  12:42  Orbital Command  
  153  12:51  Marine x9  
  154  12:52  Cyclone x4  
  154  12:56  Marine x2  
  176  13:21  SCV x4  
  176  13:24  Orbital Command  
  180  13:28  Command Center  
  180  13:33  SCV x4  
  181  13:44  Cyclone  
  181  13:45  Cyclone x5, SCV x2  
  191  14:04  Concussive Shells, Refinery x2  
  191  14:13  Mag-Field Accelerator  
  191  14:16  Cyclone  
  191  14:17  Cyclone x5  
  173  14:26  Marine  
  173  14:27  Marine x10  
  162  14:43  Command Center  
  162  14:44  Marine x5  
  162  14:45  Marine  
  167  14:46  Widow Mine x2  
  167  14:47  Command Center  
  167  14:48  Cyclone  
  167  14:49  Cyclone x5  
  189  14:54  SCV x3  
  192  15:06  SCV  
  193  15:12  SCV  
  193  15:13  SCV  
  195  15:14  Terran Infantry Armor Level 2  
  195  15:15  Terran Vehicle Weapons Level 3  
  195  15:18  SCV  
  195  15:21  Widow Mine x2  
  170  15:48  Cyclone x4  
  170  15:49  Cyclone x2  
  179  16:00  Orbital Command  
  160  16:25  Cyclone x5  
  138  16:34  Cyclone  
  127  16:40  Marine x3  
  127  16:41  Marine x5  
  130  17:04  Barracks Tech Lab  
  130  17:10  Barracks Tech Lab x2  
  130  17:14  Orbital Command  
  130  17:15  Barracks Tech Lab  
  130  17:26  Widow Mine x3  
  130  17:27  Widow Mine  
  130  17:28  Widow Mine  
  140  17:43  Cyclone  
  140  17:44  Cyclone x2  
  149  17:57  Orbital Command  
  149  18:04  Marauder x4  
  149  18:05  Marauder  
  159  18:09  Barracks Tech Lab  
  159  18:21  Orbital Command  
  159  18:24  Refinery x2, Barracks Tech Lab  
  159  18:31  Siege Tank  
  159  18:32  Siege Tank x3  
  138  19:12  Cyclone x4  
  120  19:21  Marauder x2  
  120  19:22  Marauder  
  126  19:25  Orbital Command  
  103  19:42  Marauder x3, Orbital Command  
  71  20:00  Marauder x2  
Tags
 
Add a new tag
Caveats
  • Supply blocks, unpowered buildings, or Contaminate may cause inaccurate times.
  • Supply counts are checked every 10 seconds.